 Dungeon Crawl Stone Soup version 0.26.0-10-g1f06aea511 (webtiles) character file.

Game seed: 14145453289132282654

281 Borgoz the Skirmisher (level 6, -1/52 HPs)
             Began as a Ghoul Gladiator on Jan 14, 2021.
             Killed from afar by an orc wizard (7 damage)
             ... with a magic dart
             ... on level 3 of the Dungeon.
             The game lasted 00:04:04 (3567 turns).

Borgoz the Skirmisher (Ghoul Gladiator)             Turns: 3567, Time: 00:04:05

Health: -1/52      AC:  4    Str: 18    XL:     6   Next: 27%
Magic:  5/5        EV: 13    Int:  3    God:
Gold:   206        SH:  0    Dex: 12    Spells: 5/5 levels left

rFire    . . .     SeeInvis .   a - +0 long sword
rCold    + . .     Faith    .   (no shield)
rNeg     + + +     Spirit   .   b - +0 leather armour
rPois    ∞         Reflect  .   c - +0 helmet
rElec    .         Harm     .   (no cloak)
rCorr    +         Rampage  .   (no gloves)
Will     .....                  (no boots)
Stlth    +.........             (no amulet)
HPRegen  0.00/turn              f - ring of resist corrosion
MPRegen  0.09/turn              (no ring)

@: no status effects
A: claws 1, cold resistance 1, negative energy resistance 3, inhibited
regeneration, torment resistance, unbreathing
a: no special abilities


You were on level 3 of the Dungeon.
You visited 1 branch of the dungeon, and saw 3 of its levels.

You collected 206 gold pieces.

Inventory:

Hand Weapons
 a - a +0 long sword (weapon)
Missiles
 d - 3 throwing nets (quivered)
Armour
 b - a +0 leather armour (worn)
 c - a +0 helmet (worn)
Jewellery
 f - a ring of resist corrosion (left claw)
 u - a +6 ring of dexterity {unknown}
Wands
 p - a wand of iceblast (9)
Scrolls
 e - a scroll of fear {unknown}
 g - 2 scrolls of enchant weapon {unknown}
 h - a scroll of immolation {unknown}
 k - a scroll of remove curse {unknown}
 m - 2 scrolls of noise {unknown}
 o - a scroll of teleportation {unknown}
 r - a scroll of random uselessness {unknown}
Potions
 i - a potion of might
 j - a potion of mutation {unknown}
 l - a potion of lignification
 n - a potion of resistance
 s - 2 potions of brilliance {unknown}
 t - a potion of cancellation {unknown}
 v - a potion of magic {unknown}
 w - a potion of heal wounds {unknown}
 x - a potion of flight {unknown}


   Skills:
 + Level 3.9 Fighting
 + Level 3.8 Long Blades
 - Level 1.7 Throwing
 + Level 2.5 Armour
 + Level 3.8 Dodging


You had 5 spell levels left.
You didn't know any spells.
Your spell library was empty.

Dungeon Overview and Level Annotations

Branches:
Dungeon (3/15)

Altars:
Elyvilon
Gozag
Trog


Innate Abilities, Weirdness & Mutations

You thrive by killing the living.
You are immune to poison.
You have sharp fingernails.
Your flesh is cold resistant. (rC+)
You are immune to negative energy. (rN+++)
You do not regenerate when monsters are visible.
You are immune to unholy pain and torment.
You can survive without breathing.


Message History

The orc wizard hits you but does no damage.
The orc wizard casts a spell at you. The magic dart hits you.
You hit the orc wizard.
The orc wizard is almost dead.
The orc wizard casts a spell at itself.
The orc wizard flickers and vanishes!
Deactivating autopickup; reactivate with Ctrl-A.
You miss something. Something hits you.
* * * LOW HITPOINT WARNING * * *
You closely miss something.
You hear some strange, mumbled words.
A puff of flame appears from out of thin air!
The puff of flame hits you!
* * * LOW HITPOINT WARNING * * *
You closely miss something.
You hear some strange, mumbled words.
A magic dart appears from out of thin air!
The magic dart hits you!
You die...

#.##.##.# ##.###...#.##.
##.#.#.####..# #..#.###.
##..........###...## #.
########..#.......###.
#####.......##. #...##.........
#.....##.....##.
###)......#.†..###. #
#.@{.._...#...## #.
###############.#)......##.#####.
.........(†.....##.....# ##....#.
############.######...## ##.#.#.
# ##.## #.##### ##.##.#.
#...###.....##.#.......
#.#.......### #........
#...####### ######... ##### ####


There were no monsters in sight!

Vanquished Creatures
  Jessica (D:2)
  Natasha (twice) (D:3)
  Ijyb (D:3)
  Robin (D:2)
  3 gnolls (D:3)
  3 adders
  A white imp (D:3)
  5 worms
  2 dart slugs
  3 leopard geckos (D:1)
  5 orcs (D:3)
  4 giant cockroaches
  15 goblins
  10 hobgoblins
  2 jackals (D:2)
  A quokka (D:2)
  A ball python (D:3)
  6 bats
  6 frilled lizards
  7 kobolds
  7 rats
86 creatures vanquished.

Notes
Turn   | Place    | Note
-------+----------+-------------------------------------------
     0 | D:1      | Borgoz the Ghoul Gladiator began the quest for the Orb.
     0 | D:1      | Reached XP level 1. HP: 17/17 MP: 0/0
   162 | D:1      | Reached XP level 2. HP: 15/25 MP: 1/1
   692 | D:1      | Reached XP level 3. HP: 27/30 MP: 2/2
   779 | D:1      | Reached skill level 1 in Armour
  1221 | D:2      | Noticed Jessica
  1228 | D:2      | Killed Jessica
  1229 | D:2      | Reached XP level 4. HP: 38/38 MP: 3/3
  1342 | D:2      | Noticed Robin
  1380 | D:2      | Killed Robin
  2020 | D:2      | Reached XP level 5. HP: 39/45 MP: 4/4
  2721 | D:3      | Noticed Natasha
  2734 | D:3      | Killed Natasha
  2958 | D:3      | Found an opulent altar of Gozag.
  2960 | D:3      | Found a white marble altar of Elyvilon.
  3258 | D:3      | Noticed Natasha
  3268 | D:3      | Killed Natasha
  3269 | D:3      | Reached XP level 6. HP: 29/52 MP: 5/5
  3421 | D:3      | Noticed Ijyb
  3431 | D:3      | Killed Ijyb
  3528 | D:3      | Found a bloodstained altar of Trog.
  3567 | D:3      | Killed from afar by an orc wizard

Illustrated notes

Levels and vault maps discovered:
D:1:      wheals_arrival_shading, layout_basic
D:2:      layout_loops_ring, uniq_robin, uniq_jessica
D:3:      layout_loops_ring, lemuel_round_altar, nicolae_overflow_hidden_temple,
          uniq_ijyb, uniq_natasha

Skill      XL: |  1  2  3  4  5 |
---------------+----------------+-----
Long Blades    | 3 |  3.8
Dodging        | 3 |  3.8
Armour         | 1 2 |  2.5
Fighting       | 3 |  3.9
Throwing       | |  1.7

Action                   |  1- 3 |  4- 6 || total
-------------------------+-------+-------++-------
Melee: Long sword        |    85 |   210 ||   295
Throw: Throwing net      |       |     1 ||     1
  Use: Potion            |     1 |     4 ||     5
       Scroll            |       |     4 ||     4
 Stab: Held in net/web   |       |     1 ||     1
Armor: Leather armour    |    34 |    59 ||    93
Dodge: Dodged            |    63 |   141 ||   204
       Rpst.: Long sword |    20 |    44 ||    64
